 Dungeon Crawl Stone Soup version 0.22.1-1-ga44c0e56f4 (webtiles) character file.

1080 spacerossing the Carver (level 8, -9/64 HPs)
             Began as a Minotaur Fighter on Oct 20, 2018.
             Was a Follower of Makhleb.
             Mangled by a troll (12 damage)
             ... on level 5 of the Dungeon.
             The game lasted 00:08:37 (2870 turns).

spacerossing the Carver (Minotaur Fighter)          Turns: 2870, Time: 00:08:38

Health: -9/64      AC:  9    Str: 21    XL:     8   Next: 8%
Magic:  7/7        EV: 10    Int:  5    God:    Makhleb [*.....]
Gold:   184        SH:  0    Dex: 10    Spells: 7/7 levels left

rFire    x . .     SeeInvis .   a - +1 long sword
rCold    + . .     Gourm    .   (no shield)
rNeg     . . .     Faith    .   p - +0 ring mail (curse)
rPois    .         Spirit   .   (helmet restricted)
rElec    .         Reflect  .   l - +0 cloak
rCorr    .         Harm     .   o - +1 pair of gloves
MR       .....                  (no boots)
Stlth    ..........             (no amulet)
HPRegen  0.20/turn              g - -2 ring of dexterity (curse)
MPRegen  0.10/turn              c - ring of ice

@: no status effects
A: retaliatory headbutt, horns 2
a: Renounce Religion


You were on level 5 of the Dungeon.
You worshipped Makhleb.
Makhleb was aware of your devotion.
You were not hungry.

You visited 1 branch of the dungeon, and saw 5 of its levels.

You collected 184 gold pieces.

Inventory:

Hand Weapons
 a - a +1 long sword (weapon)
Armour
 b - a +0 scale mail
 l - a +0 cloak (worn)
 o - a +1 pair of gloves (worn)
 p - a cursed +0 ring mail (worn)
Jewellery
 c - a ring of ice (right hand)
 g - a cursed -2 ring of dexterity (left hand)
Wands
 r - a wand of paralysis (19)
 s - a wand of iceblast (5)
Scrolls
 i - 2 scrolls of magic mapping
 m - 2 scrolls of immolation
 q - a scroll of enchant armour
 t - a scroll of teleportation
Potions
 e - a potion of magic
 j - a potion of degeneration
 k - 3 potions of flight
 n - a potion of cancellation {unknown}
Comestibles
 f - 6 rations


   Skills:
 - Level 3.6 Fighting
 * Level 11.3 Long Blades
 - Level 3.6 Armour
 - Level 0.8 Dodging
   Level 3.6 Shields


You had 7 spell levels left.
You didn't know any spells.
Your spell library was empty.

Dungeon Overview and Level Annotations

Branches:
Dungeon (5/15)             Temple (0/1) D:4

Altars:
Cheibriados
Makhleb

Shops:
D:4 (


Innate Abilities, Weirdness & Mutations

You reflexively headbutt those who attack you in melee.
You have a pair of horns on your head.


Message History

You barely miss the troll. You headbutt the troll!
The troll is moderately wounded.
The troll bites you. The troll closely misses you. The troll barely misses you.
You hit the troll.
The troll is heavily wounded.
The troll bites you but does no damage. The troll claws you.
The troll claws you!
You slash the troll! You headbutt the troll!
The troll is severely wounded.
The troll barely misses you. The troll claws you!
* * * LOW HITPOINT WARNING * * *
The troll barely misses you.
You closely miss the troll.
The troll is severely wounded.
You closely miss the troll.
The troll is severely wounded.
The troll bites you!
* * * LOW HITPOINT WARNING * * *
The troll claws you but does no damage. The troll claws you!
You die...

#. .# #.
.# ###.
.### ...
... .. ..
#. .#
#.##.#.#
#....@.#
#....T.#
.........#
####.....#
#.....#
###.### #.
#.


You could see a troll.

Vanquished Creatures
  6 yaks (D:4)
  An iguana (D:4)
  4 gnolls (D:3)
  5 adders
  2 worms
  2 dart slugs (D:3)
  2 leopard geckos
  6 orcs (D:3)
  4 giant cockroaches
  7 goblins
  6 hobgoblins
  3 jackals (D:2)
  9 kobolds
  4 quokkas
  5 bats
  A quokka skeleton (D:4)
  9 rats
76 creatures vanquished.

Notes
Turn   | Place    | Note
-------+----------+-------------------------------------------
     0 | D:1      | spacerossing the Minotaur Fighter began the quest for the
                  | Orb.
     0 | D:1      | Reached XP level 1. HP: 19/19 MP: 0/0
    65 | D:1      | Reached skill level 3 in Long Blades
   161 | D:1      | Reached XP level 2. HP: 23/26 MP: 1/1
   532 | D:2      | Found a burning altar of Makhleb.
   550 | D:2      | Noticed a green death
   554 | D:2      | Noticed an orange demon
   554 | D:2      | Noticed a ynoxinul
   556 | D:2      | Became a worshipper of Makhleb the Destroyer
   574 | D:2      | Reached skill level 4 in Long Blades
   612 | D:2      | Reached XP level 3. HP: 22/31 MP: 2/2
   826 | D:2      | Reached skill level 5 in Long Blades
  1072 | D:2      | Reached XP level 4. HP: 38/39 MP: 3/3
  1740 | D:3      | Reached skill level 6 in Long Blades
  1745 | D:3      | Reached * piety under Makhleb
  1810 | D:3      | Reached XP level 5. HP: 31/45 MP: 4/4
  2119 | D:3      | Found a snail-covered altar of Cheibriados.
  2401 | D:4      | Noticed a yak
  2402 | D:4      | Noticed a yak
  2402 | D:4      | Noticed a yak
  2410 | D:4      | Killed a yak
  2410 | D:4      | Reached skill level 7 in Long Blades
  2410 | D:4      | Reached XP level 6. HP: 51/51 MP: 5/5
  2411 | D:4      | Noticed a yak
  2411 | D:4      | Noticed a yak
  2413 | D:4      | Noticed a yak
  2416 | D:4      | Killed a yak
  2416 | D:4      | Reached skill level 8 in Long Blades
  2420 | D:4      | Killed a yak
  2420 | D:4      | Reached skill level 9 in Long Blades
  2420 | D:4      | Reached XP level 7. HP: 57/57 MP: 6/6
  2423 | D:4      | Killed a yak
  2423 | D:4      | Reached skill level 10 in Long Blades
  2428 | D:4      | Killed a yak
  2431 | D:4      | Killed a yak
  2431 | D:4      | Reached skill level 11 in Long Blades
  2431 | D:4      | Reached XP level 8. HP: 49/64 MP: 7/7
  2565 | D:4      | Found Eduuju's Weapon Shop.
  2692 | D:4      | Found a staircase to the Ecumenical Temple.
  2858 | D:5      | Entered Level 5 of the Dungeon
  2858 | D:5      | Noticed a troll
  2870 | D:5      | HP: 3/64 [troll (9)]
  2870 | D:5      | Mangled by a troll

Skill      XL: |  1  2  3  4  5  6  7 |
---------------+----------------------+-----
Long Blades    | 3 4 5 6 7 9 11 | 11.3
Fighting       | |  3.6
Armour         | |  3.6
Dodging        | |  0.8
Shields        | |  3.6

Action                   |  1- 3 |  4- 6 |  7- 9 || total
-------------------------+-------+-------+-------++-------
Melee: Long sword        |    88 |    70 |    18 ||   176
       Headbutt          |    11 |    13 |     6 ||    30
  Use: Scroll            |     2 |     5 |     3 ||    10
       Potion            |       |     1 |       ||     1
  Eat: Ration            |       |     1 |       ||     1
       Chunk             |       |     1 |     2 ||     3
Armor: Scale mail        |    38 |    34 |       ||    72
       Ring mail         |       |     7 |     3 ||    10
Dodge: Dodged            |    40 |    55 |     7 ||   102
       Rpst.: Long sword |    14 |    16 |     2 ||    32
